 Dungeon Crawl Stone Soup version 0.31-a0-95-g6fa058ef04 (webtiles) character file.

Game seed: 8945062930554522808

3896 Drazool the Conjurer (level 10, -7/63 HPs)
             Began as an Octopode Hedge Wizard on May 25, 2023.
             Was a Believer of Vehumet.
             Mangled by a yak (16 damage)
             ... on level 7 of the Dungeon.
             The game lasted 00:37:01 (10490 turns).

Drazool the Conjurer (Octopode Hedge Wizard)       Turns: 10490, Time: 00:37:01

Health: -7/63      AC: -3    Str: 11    XL:     10   Next: 20%
Magic:  7/17       EV: 19    Int: 20    God:    Vehumet [**....]
Gold:   331        SH:  0    Dex: 11    Spells: 6/19 levels left

rFire   + . .        r - +3 trident (vamp)
rCold   . . .        (no shield)
rNeg    . . .        b - +0 hat
rPois   .            (no amulet)
rElec   .            Y - +4 ring of slaying
rCorr   .            E - +5 ring of evasion
SInv    .            F - ring of protection from fire
Will    .....        (no ring)
Stlth   ++++         (no ring)
HPRegen 0.30/turn    (no ring)
MPRegen 0.15/turn    (no ring)
                     (no ring)

%: no passive effects
@: corroded
A: almost no armour, amphibious, 8 rings, camouflage 1, gelatinous body 1,
(nimble swimmer 1), tentacles
a: Renounce Religion


You were on level 7 of the Dungeon.
You worshipped Vehumet.
Vehumet was pleased with you.
You visited 2 branches of the dungeon, and saw 9 of its levels.
You also visited: Ossuary.

You collected 331 gold pieces.


Innate Abilities, Weirdness & Mutations

You cannot wear most types of armour.
You are amphibious.
You can wear up to eight rings at the same time.
Your skin changes colour to match your surroundings (Stealth+).
Your rubbery body absorbs attacks. (AC +1, EV +1)
((You are camouflaged when in or above water. (Stealth+)))
You have tentacles for arms and can constrict up to eight enemies at once.


   Skills:
 - Level 4.0 Fighting
 - Level 3.0 Polearms
 - Level 5.0 Dodging
 - Level 5.0 Stealth
 - Level 5.0 Spellcasting
 + Level 6.2 Conjurations
 - Level 5.0 Summonings
 - Level 3.0 Translocations
 - Level 3.0 Fire Magic
 - Level 5.0 Air Magic
 - Level 5.0 Poison Magic


You had 6 spell levels left.
You knew the following spells:

 Your Spells              Type           Power      Damage    Failure   Level
c - Call Imp              Summ           50%        N/A       2%          2
d - Mephitic Cloud        Conj/Pois/Air  23%        N/A       5%          3
f - Foxfire               Conj/Fire      84%        2x1d8     2%          1
l - Call Canine Familiar  Summ           25%        N/A       4%          3
m - Magic Dart            Conj           100%       1d8       1%          1
z - Shock                 Conj/Air       100%       1d9       1%          1
B - Blink                 Tloc           34%        N/A       4%          2

Your spell library contained the following spells:

 Spells                   Type           Power      Damage    Failure   Level
 Scorch                   Fire           34%        2d6       4%          2
 Summon Small Mammal      Summ           100%       N/A       1%          1
 Apportation              Tloc           34%        N/A       3%          1
 Cigotuvi's Dreadful Rot  Necr/Pois/Air  30%        N/A       6%          2
 Necrotise                Necr           20%        1d5       12%         1
 Slow                     Hex            20%        N/A       12%         1
 Portal Projectile        Hex/Tloc       16%        N/A       24%         3
 Leda's Liquefaction      Hex/Erth       1%         N/A       83%         4

Inventory:

Hand Weapons
 a - a +0 dagger
 r - a +3 vampiric trident (weapon)
Missiles
 x - 5 poisoned darts
Armour
 b - a +0 hat (worn)
Jewellery
 k - the amulet "Kemieti" {Spirit -Tele Int+4 Dex+3}
   (You found it on level 2 of the Dungeon)

   [amulet of guardian spirit]

   It causes incoming damage to be divided between your reserves of health and
   magic.
   Int:       It affects your intelligence (+4).
   Dex:       It affects your dexterity (+3).
   -Tele:     It prevents most forms of teleportation.
 E - a +5 ring of evasion (right tentacle)
 F - a ring of protection from fire (on tentacle)
 Y - a +4 ring of slaying (left tentacle)
Wands
 s - a wand of paralysis (6)
Scrolls
 i - 4 scrolls of fog
 m - 8 scrolls of teleportation {@r2}
 n - 2 scrolls of enchant armour
 u - a scroll of butterflies
 y - a scroll of enchant weapon
Potions
 c - a potion of magic
 d - a potion of might
 e - 2 potions of resistance
 f - 4 potions of attraction
 g - 3 potions of brilliance
 h - 8 potions of curing {@q1}
 j - a potion of berserk rage {!q}
 l - 6 potions of degeneration
 o - 7 potions of heal wounds {@q2}
 p - a potion of invisibility {unknown}
 q - 3 potions of lignification
 t - a potion of ambrosia {unknown}
 v - 2 potions of mutation

Dungeon Overview and Level Annotations

Branches:
Dungeon (8/15)             Temple (1/1) D:4         Ossuary (visited)
   Lair: D:8-11

Altars:
Ashenzari
Cheibriados
Dithmenos
Elyvilon
Fedhas
Gozag
Hepliaklqana
Kikubaaqudgha
Makhleb
Nemelex Xobeh
Okawaru
Qazlal
Sif Muna
Trog
Uskayaw
Vehumet
Wu Jian
Yredelemnul
Zin
The Shining One

Annotations:
D:2 1 runed translucent door, Crazy Yiuf
D:8 Maggie

#### ##.#...#
########.#.#.#
.......#O#.#.#
.......#.#.#.#
.......#.#.#.##
########.#.#..##
###......#....h##
......>.##.#...Y##
........'..###..@######
........#.............#
..▒..........▒........#
...▒...▒▒...▒.........#
....▒..▒▒..▒..........#
.....▒....▒...........#
......▒..▒............#
...▒▒..▒▒..▒▒.........#
...▒▒).▒▒..▒▒.........#


You could see a yak (ally target) and a friendly hound (summoned).


Message History

Maggie hits you from afar with a +0 halberd.
Your Conjurations skill increases to level 6!
Your hound barely misses Maggie.
The yak barely misses you. Something barely misses your hound.
Maggie zaps a wand.
The bolt of acid hits your hound. The bolt of acid hits you!
* * * LOW HITPOINT WARNING * * *
The acid corrodes you!
Your hound closely misses Maggie.
You hear a bellow!
You climb upwards.
Your summoned ally is left behind.
There is a stone staircase leading down here.
Casting: Call Canine Familiar (dangerous; 4% risk of failure)
Confirm with . or Enter, or press ? or * to list all spells.
The yak completely misses you.
You barely miss the yak. You squeeze the yak.
The yak is lightly wounded.
Your hound bites the yak.
The yak gores you.
* * * LOW HITPOINT WARNING * * *
You puncture the yak! You squeeze the yak, but do no damage.
The yak is moderately wounded.
Your hound bites the yak but does no damage.
The yak closely misses you.
Your hound barely misses the yak.
You hit the yak.
You feel better.
You squeeze the yak.
The yak is heavily wounded.
Your hound closely misses the yak.
The yak gores you!
* * * LOW HITPOINT WARNING * * *
Your hound bites the yak.
You barely miss the yak. You squeeze the yak!
The yak is almost dead.
The yak gores you!
You die...

Skill      XL: |  1  2  3  4  5  6  7  8  9 10 |
---------------+-------------------------------+-----
Conjurations   | 2 3 5 6 |  6.2
Summonings     | 2 3 4 5 |  5.0
Translocations | 2 3 |  3.0
Fighting       | 1 3 4 |  4.0
Spellcasting   | 4 5 |  5.0
Dodging        | 4 5 |  5.0
Fire Magic     | 2 3 |  3.0
Polearms       | 3 |  3.0
Stealth        | 3 5 |  5.0
Poison Magic   | 5 |  5.0
Air Magic      | 5 |  5.0

Action                     |  1- 3 |  4- 6 |  7- 9 | 10-12 || total
---------------------------+-------+-------+-------+-------++-------
  Melee: Dagger            |    49 |     2 |       |       ||    51
         Constrict         |    11 |    12 |    28 |     1 ||    52
         Tentacles         |     9 |     6 |    37 |     9 ||    61
         Trident           |       |    74 |   164 |    30 ||   268
         Punch             |       |       |     1 |       ||     1
   Cast: Magic Dart        |    57 |   121 |    39 |       ||   217
         Call Imp          |     2 |    27 |    63 |     1 ||    93
         Foxfire           |       |       |   111 |     3 ||   114
         Call Canine Famil |       |       |    19 |     6 ||    25
         Mephitic Cloud    |       |       |     5 |     7 ||    12
    Use: Scroll            |       |     9 |     8 |       ||    17
   Stab: Sleeping          |       |     9 |     1 |     1 ||    11
         Distracted        |       |     4 |     1 |       ||     5
 Armour: Skin              |     5 |     2 |     1 |       ||     8
  Dodge: Dodged            |    35 |    34 |   147 |    13 ||   229

Levels and vault maps discovered:
D:1:      dpeg_arrival_shelter, layout_loops_ring, grunt_decor_resistance
D:2:      layout_loops_ring, uniq_terence, uniq_robin, uniq_crazy_yiuf_cottage
D:3:      minmay_angry_zag, layout_loops_ring, mainiacjoe_overflow_catwalk,
          mainiacjoe_overflow_paths, kennysheep_generic_room_12
D:4:      layout_loops_ring, old_standard_altar,
          nicolae_qazlal_scattered_showers, temple_pool_b,
          nicolae_ossuary_entry_giza
D:5:      layout_loops_ring, uniq_duvessa
D:6:      minmay_bubble_buster, layout_basic
D:7:      layout_basic, minivault_26
D:8:      layout_rooms, dpeg_lair_monsters, uniq_maggie
Temple:   nicolae_temple_elliptical

Notes
Turn   | Place    | Note
-------+----------+-------------------------------------------
     0 | D:1      | Drazool the Octopode Hedge Wizard began the quest for the
                  | Orb.
     0 | D:1      | Reached XP level 1. HP: 11/11 MP: 4/4
   127 | D:1      | Reached skill level 2 in Conjurations
   127 | D:1      | Reached XP level 2. HP: 17/17 MP: 1/6
   132 | D:1      | Learned a level 2 spell: Blink
   603 | D:1      | Reached skill level 3 in Conjurations
   603 | D:1      | Reached XP level 3. HP: 13/21 MP: 2/7
   909 | D:1      | Learned a level 2 spell: Call Imp
  1488 | D:2      | Reached XP level 4. HP: 27/27 MP: 5/8
  1607 | D:2      | Identified the amulet "Kemieti" {Spirit -Tele Int+4 Dex+3}
  1612 | D:2      | Noticed Terence
  1710 | D:2      | Killed Terence
  1711 | D:2      | Reached skill level 2 in Summonings
  1711 | D:2      | Reached skill level 2 in Translocations
  1911 | D:2      | Noticed Robin
  1967 | D:2      | Killed Robin
  2429 | D:2      | Found a runed translucent door.
  2430 | D:2      | Noticed Crazy Yiuf
  2728 | D:3      | Reached XP level 5. HP: 31/31 MP: 6/9
  2875 | D:3      | Found a burning altar of Makhleb.
  2967 | D:3      | Found an iron altar of Okawaru.
  3337 | D:3      | Reached skill level 3 in Summonings
  3355 | D:3      | Reached skill level 3 in Translocations
  3739 | D:4      | Found a stormy altar of Qazlal.
  3800 | D:4      | Found a sand-covered staircase.
  3828 | Ossuary  | Entered an ossuary
  3865 | Ossuary  | Reached skill level 1 in Fighting
  3944 | Ossuary  | Reached XP level 6. HP: 38/38 MP: 1/10
  4496 | D:4      | Found a staircase to the Ecumenical Temple.
  4516 | Temple   | Entered the Ecumenical Temple
  4681 | Temple   | Became a worshipper of Vehumet
  4753 | D:4      | Reached skill level 2 in Fighting
  4880 | D:4      | Found a hide-covered altar of Uskayaw.
  5011 | D:4      | Reached skill level 4 in Spellcasting
  5458 | D:5      | Entered Level 5 of the Dungeon
  5491 | D:5      | Reached skill level 3 in Fighting
  5491 | D:5      | Reached XP level 7. HP: 46/46 MP: 9/13
  5686 | D:5      | Reached skill level 4 in Fighting
  5806 | D:5      | Reached skill level 3 in Dodging
  5863 | D:5      | Paralysed by a gnoll for 4 turns
  5878 | D:5      | Reached * piety under Vehumet
  5878 | D:5      | Offered knowledge of Foxfire by Vehumet.
  5952 | D:5      | Learned a level 1 spell: Foxfire
  6009 | D:5      | Reached skill level 1 in Fire Magic
  6217 | D:5      | Reached skill level 4 in Dodging
  6352 | D:5      | Reached skill level 2 in Fire Magic
  6374 | D:5      | Noticed Duvessa
  6378 | D:5      | Noticed Dowan
  6388 | D:5      | Killed Duvessa
  6389 | D:5      | Reached XP level 8. HP: 54/54 MP: 7/14
  6407 | D:5      | Killed Dowan
  6502 | D:5      | Reached skill level 3 in Fire Magic
  6556 | D:5      | Reached skill level 5 in Dodging
  6615 | D:5      | Reached skill level 1 in Polearms
  6966 | D:5      | Reached skill level 2 in Polearms
  7167 | D:5      | Reached skill level 3 in Polearms
  7251 | D:6      | Reached skill level 4 in Conjurations
  7266 | D:6      | Learned a level 3 spell: Mephitic Cloud
  8362 | D:6      | Reached skill level 5 in Spellcasting
  8362 | D:6      | Reached skill level 5 in Conjurations
  8362 | D:6      | Reached skill level 3 in Stealth
  8362 | D:6      | Reached XP level 9. HP: 58/58 MP: 5/16
  8365 | D:6      | Reached skill level 4 in Stealth
  8522 | D:6      | Reached skill level 5 in Stealth
  8574 | D:6      | Reached skill level 1 in Poison Magic
  8601 | D:6      | Reached skill level 2 in Poison Magic
  8604 | D:6      | Offered knowledge of Shock by Vehumet.
  8607 | D:6      | Learned a level 1 spell: Shock
  8693 | D:6      | Reached ** piety under Vehumet
  8694 | D:6      | Reached skill level 3 in Poison Magic
  8796 | D:6      | Learned a level 3 spell: Call Canine Familiar
  8910 | D:7      | Identified 2 potions of resistance
  9023 | D:7      | Noticed a two-headed ogre
  9277 | D:7      | Killed a two-headed ogre
  9278 | D:7      | Reached skill level 5 in Poison Magic
  9278 | D:7      | Reached skill level 3 in Air Magic
  9459 | D:7      | Reached skill level 4 in Air Magic
  9484 | D:7      | Reached skill level 5 in Air Magic
  9832 | D:7      | Reached skill level 4 in Summonings
  9871 | D:7      | Reached XP level 10. HP: 48/63 MP: 12/17
 10064 | D:7      | Reached skill level 5 in Summonings
 10288 | D:8      | Noticed a death yak
 10314 | D:7      | Offered knowledge of Scorch by Vehumet.
 10468 | D:8      | Noticed Maggie
 10484 | D:8      | Reached skill level 6 in Conjurations
 10490 | D:7      | Mangled by a yak

Vanquished Creatures
  A two-headed ogre (D:7)
  A yak (D:8)
  Duvessa (D:5)
  An ice beast (D:5)
  5 orc warriors
  A sky beast (D:6)
  A centaur (D:5)
  A kobold brigand (D:7)
  A bullfrog (D:7)
  A gnoll sergeant (D:5)
  3 scorpions
  Dowan (D:5)
  3 wights
  9 hounds
  A jelly (D:5)
  A gnoll bouda (D:5)
  An orc priest (D:5)
  10 iguanas
  A sleepcap (D:5)
  5 orc wizards
  3 mummies
  Robin (D:2)
  9 gnolls
  7 adders
  3 white imps
  An ufetubus (D:5)
  12 orcs
  8 ball pythons
  5 endoplasms
  4 giant cockroaches
  A gnoll zombie (Ossuary)
  12 goblins
  11 hobgoblins
  6 jackals (D:1)
  18 kobolds
  7 quokkas
  5 bats
  3 frilled lizards
  3 goblin zombies
  4 hobgoblin zombies (Ossuary)
  An orc zombie (Ossuary)
  4 rats
177 creatures vanquished.

Vanquished Creatures (collateral kills)
  2 yaks (D:7)
  A water moccasin (D:7)
  2 wights (D:7)
  A jelly (D:7)
  A hound (D:5)
  Terence (D:2)
  An iguana (D:7)
  A mummy (Ossuary)
  An adder (D:4)
  3 gnolls
  An ufetubus (D:4)
  2 orcs (D:5)
  An endoplasm (D:2)
  3 goblins (D:2)
  A kobold (D:2)
  A hobgoblin zombie (D:4)
23 creatures vanquished.

Vanquished Creatures (others)
  190 foxfires
190 creatures vanquished.

Grand Total: 390 creatures vanquished

Table legend: (Time is in decaauts)
 A = Elapsed time spent in this place.
 B = Non-inter-level travel time spent in this place.
 C = Inter-level travel time spent in this place.
 D = Time resting spent in this place.
 E = Time spent auto-exploring this place.
 F = Levels seen in this place.
 G = Mean time per level.
                   A        B        C        D        E       F      G
               +--------+--------+--------+--------+--------+-----+--------+
         Total |  10571 |  10163 |    408 |    383 |   7141 |  10 | 1057.1 |
       Dungeon |   9834 |   9453 |    381 |    258 |   6735 |   8 | 1229.2 |
        Temple |    175 |    148 |     27 |      0 |    132 |   1 |  175.0 |
       Ossuary |    561 |    561 |      0 |    125 |    274 |   1 |  561.0 |
               +--------+--------+--------+--------+--------+-----+--------+

Top non-repeatable levels by time:
     D:5: 2240 daAuts
     D:7: 1571 daAuts
     D:2: 1447 daAuts
     D:6: 1254 daAuts
     D:1: 1159 daAuts
     D:3: 1142 daAuts
     D:4: 994 daAuts
 Ossuary: 561 daAuts
  Temple: 175 daAuts
     D:8: 25 daAuts

Table legend:
 A = Non-vault XP
 B = Vault XP
 C = Vault XP percentage of total XP
 D = Non-vault monster count
 E = Vault monster count
 F = Vault count percentage of total count
                 A         B        C        D         E       F
            +---------+---------+-------+---------+---------+-------
      Total |    4202 |    1364 |  24.5 |     159 |      41 |  20.5
            +---------+---------+-------+---------+---------+-------
        D:1 |      57 |       0 |   0.0 |      27 |       0 |   0.0
        D:2 |      31 |      63 |  67.0 |      11 |       8 |  42.1
        D:3 |     114 |       5 |   4.2 |      25 |       3 |  10.7
        D:4 |     229 |      20 |   8.0 |      20 |       3 |  13.0
        D:5 |    1241 |     220 |  15.1 |      33 |       2 |   5.7
        D:6 |     318 |     607 |  65.6 |      15 |      12 |  44.4
        D:7 |    1990 |     386 |  16.2 |      26 |       2 |   7.1
        D:8 |     222 |       0 |   0.0 |       2 |       0 |   0.0
    Ossuary |       0 |      63 | 100.0 |       0 |      11 | 100.0
            +---------+---------+-------+---------+---------+-------
